Map: Ulzaan

Players

Invictus

  • Race: Protoss Protoss
  • Spawn Location: 9:00

Eax

  • Race: Protoss Protoss
  • League: Gold
  • Spawn Location: 11:00

Cthulhu - Winner!

  • Race: Terran Terran
  • Spawn Location: 1:00

Throwfordays - Winner!

  • Race: Protoss Protoss
  • League: Silver
  • Spawn Location: 3:00

VOD

Have the link to the VOD?

Description

Time

  • Played on: April 2, 2019, 11:08 p.m.
  • Length: 15:28
Show
View Real Time Build Order
Export as new Build Order

Invictus Protoss 

Build Orders:  

Get SALT Encoding   

  12  0:02  Probe  
  13  0:14  Probe  
  14  0:18  Pylon  
  14  0:26  Probe  
  15  0:38  Probe  
  15  0:40  Forge  
  16  0:50  Probe  
  17  1:14  Pylon  
  17  1:15  Pylon  
  17  1:16  Pylon  
  17  1:18  Pylon  
  16  1:36  Probe  
  17  1:48  Probe  
  18  1:59  Assimilator  
  18  2:01  Probe  
  18  2:04  Assimilator  
  18  2:13  Nexus, Gateway  
  18  2:15  Probe  
  19  2:25  Pylon  
  19  2:29  Probe  
  20  2:39  Probe  
  21  2:47  Probe  
  22  2:55  Probe  
  23  3:08  Cybernetics Core, Probe  
  24  3:20  Probe  
  24  3:21  Protoss Ground Weapons Level 1  
  24  3:23  Gateway  
  24  3:26  Gateway  
  25  3:34  Warp Gate  
  25  3:38  Probe  
  26  3:52  Pylon  
  26  3:55  Probe x2  
  28  4:08  Robotics Facility  
  28  4:16  Twilight Council, Probe  
  28  4:17  Probe  
  30  4:24  Probe  
  30  4:25  Probe  
  30  4:30  Assimilator  
  32  4:33  Probe x2  
  32  4:34  Assimilator, Stalker x2  
  32  4:35  Stalker  
  40  4:54  Pylon  
  40  5:01  Charge, Observer  
  41  5:19  Probe x2  
  43  5:24  Pylon  
  43  5:25  Stalker x2  
  43  5:27  Zealot  
  49  5:31  Probe  
  49  5:32  Probe  
  51  5:45  Dark Shrine  
  51  5:59  Stalker, Zealot  
  51  6:00  Zealot  
  57  6:11  Probe x2  
  59  6:13  Protoss Ground Armor Level 1  
  59  6:16  Forge  
  59  6:23  Probe  
  60  6:28  Probe  
  60  6:30  Stalker  
  60  6:31  Stalker, Zealot  
  67  6:40  Probe  
  68  6:53  Zealot  
  70  6:59  Pylon  
  70  7:14  Robotics Bay  
  70  7:16  Nexus  
  70  7:40  Stalker x2  
  73  8:06  Pylon  
  73  8:23  Probe  
  73  8:24  Probe  
  75  8:36  Probe  
  76  8:49  Pylon, Probe  
  76  8:53  Pylon  
  77  8:59  Gateway  
  77  9:00  Gateway  
  77  9:01  Probe  
  77  9:02  Gateway  
  78  9:03  Gateway, Extended Thermal Lance  
  78  9:07  Robotics Facility  
  78  9:09  Robotics Facility  
  78  9:12  Colossus  
  78  9:13  Probe  
  85  9:23  Protoss Ground Weapons Level 2  
  85  9:25  Probe  
  85  9:27  Assimilator, Dark Templar  
  85  9:28  Protoss Ground Armor Level 2  
  85  9:31  Assimilator  
  88  9:56  Blink  
  88  10:01  Templar Archives  
  88  10:07  Probe  
  88  10:10  Colossus  
  88  10:11  Colossus  
  88  10:14  Colossus  
  101  10:19  Probe  
  106  10:32  Probe  
  107  10:36  Zealot  
  107  10:37  Zealot x3  
  107  10:40  Dark Templar  
  117  11:01  Pylon  
  117  11:09  Pylon, Photon Cannon  
  117  11:12  Pylon  
  117  11:19  Colossus  
  117  11:20  Nexus  
  123  11:26  Pylon  
  123  11:27  Colossus  
  129  11:34  Colossus  
  129  11:36  Dark Templar x2  
  129  11:37  Zealot  
  140  11:52  Psionic Storm  
  140  12:05  Pylon  
  140  12:10  Probe x2  
  140  12:14  High Templar x2  
  140  12:15  High Templar  
  148  12:22  Probe  
  149  12:34  Probe x2  
  149  12:36  Probe  
  152  12:43  Colossus x3  
  170  12:47  High Templar  
  172  13:06  Gateway  
  172  13:22  Pylon  
  172  13:33  Pylon  
  118  14:29  Dark Templar x2  
  118  14:30  Dark Templar x4  
  66  15:08  Dark Templar x3  
  66  15:09  Dark Templar x2  
Show
View Real Time Build Order
Export as new Build Order

Eax Protoss 

Build Orders:  

Get SALT Encoding   

  12  0:01  Probe  
  13  0:13  Probe  
  14  0:23  Pylon  
  14  0:25  Probe  
  15  0:42  Forge  
  15  0:45  Probe  
  16  1:12  Pylon x2  
  16  1:14  Pylon  
  16  1:16  Pylon  
  15  1:40  Probe  
  16  1:52  Pylon  
  16  1:56  Probe  
  17  2:03  Assimilator  
  17  2:12  Gateway  
  17  2:14  Photon Cannon  
  16  2:19  Probe  
  16  2:27  Probe  
  17  2:34  Photon Cannon  
  17  2:35  Photon Cannon  
  18  2:37  Probe  
  19  2:45  Assimilator  
  19  2:59  Nexus  
  19  3:15  Pylon  
  19  3:32  Photon Cannon  
  19  3:34  Zealot  
  21  3:38  Cybernetics Core  
  21  3:41  Probe  
  22  3:49  Probe  
  22  3:50  Assimilator  
  22  3:55  Assimilator  
  23  3:58  Probe  
  23  4:01  Zealot  
  26  4:15  Probe  
  26  4:19  Pylon  
  26  4:23  Probe  
  28  4:33  Probe  
  28  4:38  Stargate x2  
  29  4:57  Stargate  
  29  5:12  Probe x2  
  30  5:20  Probe  
  31  5:24  Probe  
  33  5:29  Probe  
  34  5:36  Probe  
  34  5:37  Void Ray x2  
  34  5:41  Probe  
  44  5:46  Void Ray  
  44  5:48  Probe  
  49  6:01  Shield Battery  
  49  6:04  Shield Battery  
  49  6:09  Probe  
  49  6:12  Robotics Facility  
  49  6:17  Probe  
  51  6:26  Probe  
  51  6:29  Pylon  
  51  6:31  Pylon  
  52  6:37  Void Ray  
  52  6:38  Void Ray  
  52  6:44  Fleet Beacon  
  52  6:50  Probe  
  61  6:58  Probe  
  61  7:02  Oracle  
  61  7:08  Probe  
  66  7:20  Probe  
  68  7:30  Observer  
  68  7:32  Probe  
  67  8:24  Protoss Air Weapons Level 1  
  67  8:47  Pylon  
  67  8:48  Pylon  
  67  9:04  Void Ray x2  
  67  9:06  Tempest  
  80  9:10  Nexus  
  80  9:11  Nexus  
  80  9:13  Pylon, Photon Cannon x2, Probe  
  80  9:14  Pylon  
  80  9:16  Pylon, Photon Cannon  
  79  9:25  Probe  
  80  9:37  Probe  
  81  9:47  Tempest  
  81  9:49  Probe  
  81  9:50  Assimilator  
  87  9:53  Carrier x2  
  87  9:54  Assimilator  
  99  10:01  Probe  
  99  10:02  Anion Pulse-Crystals  
  100  10:09  Mothership  
  108  10:15  Pylon  
  108  10:22  Pylon  
  108  10:44  Probe  
  108  10:46  Probe  
  108  10:47  Tempest x2  
  108  10:48  Probe  
  111  10:55  Nexus  
  111  10:58  Probe  
  111  11:00  Probe  
  123  11:10  Probe  
  122  11:13  Probe  
  122  11:14  Pylon  
  122  11:15  Pylon  
  123  11:22  Probe  
  123  11:25  Probe  
  125  11:34  Probe  
  125  11:37  Protoss Air Weapons Level 2  
  126  11:49  Tempest x3  
  141  12:09  Probe  
  142  12:20  Pylon  
  142  12:22  Probe  
  143  12:23  Pylon  
  143  12:26  Pylon  
  143  12:31  Tempest  
  143  12:34  Probe  
  149  12:46  Probe  
  150  12:58  Probe  
  150  13:03  Observer  
  151  13:06  Pylon  
  151  13:07  Pylon  
  151  13:10  Probe  
  151  13:11  Photon Cannon  
  152  13:13  Photon Cannon x2  
  152  13:17  Photon Cannon  
  152  13:20  Photon Cannon  
  152  13:24  Observer  
  153  13:46  Observer  
  106  14:06  Phoenix x3  
  107  14:27  Phoenix  
  107  14:28  Phoenix x2  
  90  14:52  Phoenix  
  83  14:53  Phoenix x2  
Show
View Real Time Build Order
Export as new Build Order

Cthulhu Terran - Winner!

Build Orders:  

Get SALT Encoding   

  12  0:01  SCV  
  13  0:13  SCV  
  14  0:18  Supply Depot  
  14  0:25  SCV  
  15  0:41  Refinery  
  15  0:42  Barracks  
  15  0:45  SCV  
  16  0:58  SCV  
  17  1:10  SCV  
  18  1:31  Marine  
  19  1:41  Command Center  
  19  1:53  Orbital Command  
  19  2:07  Barracks Tech Lab  
  19  2:21  SCV  
  20  2:28  Marauder  
  22  2:30  Barracks  
  22  2:32  Refinery  
  22  2:41  SCV  
  22  2:42  Supply Depot  
  23  2:57  SCV, Orbital Command  
  24  3:03  Marauder  
  26  3:09  Engineering Bay  
  26  3:15  Ghost Academy  
  26  3:16  Stimpack  
  26  3:17  SCV  
  27  3:21  Barracks Reactor  
  27  3:24  SCV  
  28  3:31  SCV  
  28  3:32  Refinery  
  29  3:40  SCV  
  30  3:46  Ghost  
  32  3:53  Supply Depot  
  32  3:56  Refinery, SCV x2  
  34  4:08  SCV  
  35  4:14  SCV, Sensor Tower  
  35  4:15  Marine x2  
  35  4:16  Marine  
  39  4:20  SCV  
  40  4:26  SCV  
  40  4:27  Factory  
  41  4:32  SCV  
  42  4:41  SCV, Ghost  
  42  4:42  Marine x2  
  47  4:54  SCV x2  
  47  4:56  Personal Cloaking  
  49  5:06  Command Center  
  49  5:08  SCV  
  49  5:10  SCV  
  51  5:15  Marine x2  
  53  5:29  Missile Turret  
  53  5:33  SCV  
  54  5:36  Starport  
  54  5:37  Factory Reactor  
  54  5:42  SCV  
  55  5:54  Refinery  
  55  5:55  Missile Turret  
  55  5:56  Refinery  
  55  5:59  SCV x2  
  55  6:00  Marine x3  
  60  6:18  Marine  
  61  6:21  Nuke  
  61  6:22  SCV  
  61  6:23  SCV, Orbital Command  
  63  6:27  Barracks  
  63  6:36  SCV  
  63  6:37  SCV  
  63  6:38  Marine x3  
  68  6:40  Medivac  
  68  6:42  Medivac  
  72  6:53  SCV x3  
  75  6:57  Terran Infantry Weapons Level 1  
  75  7:01  Engineering Bay  
  75  7:07  Marine  
  75  7:08  Marine x2  
  78  7:11  Widow Mine  
  78  7:12  Medivac  
  78  7:13  SCV x3  
  85  7:17  Barracks Reactor  
  85  7:21  Combat Shield  
  85  7:35  Barracks  
  85  8:07  Missile Turret  
  85  8:08  Missile Turret  
  85  8:09  Missile Turret  
  85  8:10  Supply Depot  
  85  8:11  Terran Infantry Armor Level 1  
  85  8:12  SCV x3, Widow Mine, Medivac  
  92  8:16  Marine  
  93  8:24  Missile Turret  
  93  8:25  Missile Turret  
  93  8:31  Marine x4, Viking, Barracks Reactor  
  93  8:33  SCV x2  
  101  8:37  Supply Depot  
  101  8:38  SCV  
  101  8:39  Supply Depot x2  
  102  8:41  Supply Depot  
  102  8:49  Medivac  
  104  9:00  SCV x3  
  104  9:01  Marine x4, Medivac  
  113  9:36  Command Center  
  111  9:45  Armory  
  111  9:46  Medivac  
  111  9:47  Medivac  
  111  9:49  Marine x7  
  122  10:06  Marine  
  122  10:07  Marine  
  123  10:16  Viking  
  125  10:26  Missile Turret  
  127  10:28  Marauder  
  127  10:34  Marine  
  127  10:35  Marine x2  
  128  10:36  Barracks Tech Lab  
  128  10:40  Medivac  
  128  10:42  Terran Infantry Weapons Level 2  
  132  10:44  Terran Infantry Armor Level 2  
  132  10:46  Viking, Terran Vehicle And Ship Armor Level 1  
  132  10:48  Supply Depot  
  136  10:50  Marauder  
  136  11:30  Viking x2  
  136  11:32  Marine x4, Marauder x2  
  148  11:48  Starport  
  148  12:00  Viking  
  150  12:27  Sensor Tower  
  150  12:29  Marauder x2  
  154  12:30  Marine x3  
  154  12:32  Viking  
  154  12:33  Viking  
  161  12:46  Terran Vehicle And Ship Armor Level 2  
  161  12:50  Marauder x2  
  165  12:52  Supply Depot  
  165  13:02  Viking  
  165  13:03  Viking  
  169  13:06  Viking x2  
  169  13:08  Barracks Tech Lab  
  173  13:13  Marine x3, Marauder  
  173  13:16  Command Center  
  178  13:23  Sensor Tower  
  178  13:28  Marine  
  178  13:32  Viking  
Show
View Real Time Build Order
Export as new Build Order

Throwfordays Protoss - Winner!

Build Orders: Nexus First 

Get SALT Encoding   

  12  0:01  Probe  
  13  0:13  Probe  
  14  0:25  Pylon, Probe  
  15  0:41  Probe  
  15  0:49  Probe  
  17  1:03  Nexus  
  17  1:14  Gateway  
  17  2:21  Probe  
  17  2:23  Probe  
  17  2:29  Probe  
  19  2:35  Probe  
  19  2:36  Assimilator  
  21  2:38  Probe  
  21  2:42  Cybernetics Core  
  22  2:47  Probe  
  22  2:51  Probe  
  24  2:54  Pylon  
  24  3:03  Warp Gate, Probe  
  24  3:05  Assimilator  
  25  3:09  Gateway  
  25  3:15  Probe x2  
  27  3:27  Probe  
  27  3:28  Probe  
  27  3:29  Forge  
  29  3:39  Probe  
  29  3:40  Probe  
  31  3:42  Gateway  
  31  3:46  Gateway  
  31  3:51  Probe  
  31  3:52  Pylon  
  32  3:59  Pylon  
  32  4:00  Pylon, Probe  
  32  4:08  Probe  
  33  4:13  Assimilator  
  34  4:17  Assimilator  
  34  4:18  Probe  
  35  4:26  Photon Cannon  
  35  4:29  Photon Cannon  
  35  4:30  Probe  
  36  4:39  Photon Cannon  
  36  4:42  Probe  
  37  4:48  Probe  
  38  4:54  Probe  
  39  5:00  Nexus, Probe  
  39  5:01  Protoss Shields Level 1  
  39  5:03  Assimilator  
  39  5:06  Probe  
  41  5:08  Assimilator  
  41  5:12  Probe  
  42  5:17  Forge  
  42  5:36  Pylon  
  42  5:42  Photon Cannon  
  42  5:44  Photon Cannon  
  42  5:47  Probe  
  43  5:50  Probe  
  43  5:51  Protoss Ground Weapons Level 1  
  44  5:57  Photon Cannon  
  44  5:59  Probe  
  44  6:00  Photon Cannon  
  44  6:02  Probe  
  46  6:06  Pylon  
  46  6:08  Pylon  
  46  6:11  Probe x2  
  46  6:12  Pylon  
  46  6:14  Probe  
  46  6:15  Pylon  
  49  6:19  Probe  
  49  6:20  Probe  
  49  6:24  Probe  
  51  6:28  Probe x2  
  54  6:32  Probe  
  54  6:38  Robotics Facility, Probe  
  55  6:40  Probe x2  
  55  6:41  Robotics Facility  
  58  6:50  Probe  
  58  6:52  Stargate, Probe  
  58  6:53  Probe  
  58  6:54  Stargate  
  61  6:55  Stargate  
  61  6:58  Stargate  
  61  7:02  Probe  
  61  7:05  Probe  
  61  7:08  Protoss Air Weapons Level 1, Cybernetics Core  
  63  7:13  Pylon  
  63  7:15  Probe  
  64  7:16  Pylon  
  64  7:27  Probe  
  64  7:28  Probe  
  66  7:38  Twilight Council  
  66  7:39  Fleet Beacon, Probe  
  66  7:42  Void Ray  
  66  7:43  Void Ray x2  
  79  7:46  Void Ray  
  83  7:54  Stargate  
  83  8:01  Photon Cannon  
  83  8:03  Photon Cannon  
  83  8:06  Stargate  
  83  8:07  Protoss Air Armor Level 1  
  83  8:32  Void Ray x2  
  91  8:35  Nexus  
  91  8:38  Assimilator  
  91  8:39  Void Ray  
  95  8:42  Assimilator  
  95  8:50  Assimilator  
  95  8:54  Assimilator, Void Ray  
  99  8:57  Void Ray  
  99  9:01  Assimilator  
  103  9:05  Assimilator  
  103  9:16  Probe  
  104  9:19  Probe  
  105  9:28  Probe  
  106  9:31  Probe  
  106  9:34  Probe  
  108  9:40  Probe  
  108  9:43  Void Ray x3, Probe  
  108  9:44  Void Ray x2  
  130  9:46  Probe  
  131  9:53  Void Ray  
  131  9:58  Probe  
  131  9:59  Probe  
  137  10:03  Pylon  
  137  10:10  Probe  
  138  10:22  Pylon, Probe  
  138  10:25  Observer x2  
  138  10:26  Pylon  
  141  10:29  Pylon, Void Ray x3  
  153  10:39  Nexus  
  153  10:44  Nexus  
  153  10:46  Observer x2  
  155  10:52  Photon Cannon  
  155  10:54  Photon Cannon  
  155  10:59  Photon Cannon  
  155  11:01  Probe  
  155  11:02  Photon Cannon  
  156  11:06  Photon Cannon  
  156  11:13  Probe  
  156  11:17  Protoss Shields Level 2  
  157  11:20  Protoss Air Weapons Level 2  
  157  11:21  Pylon  
  157  11:23  Void Ray  
  157  11:24  Void Ray x2, Protoss Air Armor Level 2  
  157  11:25  Probe  
  170  11:37  Probe  
  171  11:57  Probe  
  171  12:00  Probe  
  179  12:09  Probe  
  179  12:12  Probe  
  181  12:18  Probe  
  181  12:20  Probe  
  181  12:21  Probe  
  183  12:26  Probe  
  183  12:29  Probe  
  184  12:33  Probe  
  184  12:35  Probe  
  187  12:38  Probe  
  187  12:41  Void Ray x3  
  187  12:42  Void Ray  
  199  12:45  Probe  
  184  14:19  Void Ray  
  184  14:20  Void Ray x3  
Tags
 
Add a new tag
Caveats
  • Supply blocks, unpowered buildings, or Contaminate may cause inaccurate times.
  • Supply counts are checked every 10 seconds.